Map: Coda EC

Players

MrWin - Winner!

  • Race: Terran Terran

AgCl

  • Race: Protoss Protoss

VOD

Have the link to the VOD?

Description

Time

  • Played on: May 12, 2015, 9:44 p.m.
  • Length: 9:03
Show
View Real Time Build Order
Export as new Build Order

MrWin Terran - Winner!

Build Orders: Command Center First (CC) 

Get SALT Encoding   

  12  0:07  SCV  
  13  0:19  SCV  
  14  0:26  Supply Depot  
  14  0:32  SCV  
  15  0:48  SCV  
  16  1:00  SCV  
  16  1:04  Command Center  
  17  1:16  Barracks  
  17  1:17  SCV  
  18  1:33  Barracks  
  18  1:36  SCV  
  19  1:49  SCV  
  20  2:02  SCV  
  20  2:03  Marine  
  22  2:09  Barracks  
  20  2:15  Orbital Command  
  22  2:17  Orbital Command  
  22  2:28  Refinery  
  22  2:30  Refinery  
  22  2:32  Marine  
  22  2:34  Marine  
  24  2:44  SCV  
  25  2:48  Supply Depot  
  25  2:50  Marine  
  26  2:51  Marine  
  26  2:55  Orbital Command  
  27  2:58  Barracks Tech Lab  
  27  3:05  SCV  
  28  3:08  Marine  
  28  3:09  Marine  
  30  3:17  SCV  
  31  3:25  Bunker  
  31  3:26  Combat Shields, Marine  
  33  3:27  Marine  
  33  3:29  Marauder  
  35  3:34  SCV  
  35  3:38  SCV  
  37  3:44  Marine  
  37  3:46  SCV  
  39  3:50  SCV  
  39  3:55  Marine, Marauder  
  43  3:59  SCV  
  43  4:02  SCV  
  45  4:07  Supply Depot  
  45  4:08  Supply Depot  
  45  4:11  SCV  
  46  4:23  Factory  
  46  4:24  Engineering Bay  
  46  4:28  SCV, Marine x2  
  46  4:29  Supply Depot  
  46  4:30  SCV  
  50  4:33  Supply Depot  
  50  4:40  SCV  
  51  4:59  Marine  
  49  5:00  Marine x2  
  49  5:01  SCV x2  
  49  5:06  Command Center, Barracks  
  49  5:07  Terran Infantry Weapons Level 1  
  52  5:08  Barracks  
  52  5:09  Factory Reactor  
  52  5:12  Starport  
  52  5:13  SCV  
  53  5:17  SCV  
  54  5:25  SCV, Barracks Tech Lab  
  55  5:31  Barracks Reactor  
  55  5:37  SCV  
  55  5:38  SCV  
  55  5:40  Missile Turret  
  55  5:41  Missile Turret  
  51  6:13  SCV x2  
  51  6:14  Marine x2  
  51  6:15  Marauder, Marine x3  
  51  6:16  Widow Mine x2  
  51  6:18  Medivac  
  66  6:19  Orbital Command  
  64  6:32  Marine  
  62  6:41  Marine  
  58  6:51  Missile Turret  
  52  6:54  SCV x3  
  52  6:59  Marine  
  52  7:01  Marine x5  
  51  7:06  SCV x2  
  57  7:17  Marine  
  57  7:18  SCV x2  
  57  7:19  Marine x5  
  62  7:30  SCV  
  62  7:32  Orbital Command  
  62  7:34  Marine  
  61  7:37  SCV  
  61  7:42  SCV  
  61  7:48  Missile Turret  
  61  7:49  SCV  
  61  7:50  Missile Turret  
  61  7:54  SCV, Missile Turret  
  62  8:02  SCV x2  
  64  8:06  Marine x2  
  64  8:07  SCV, Marine x2, Marauder  
  71  8:14  SCV x2  
  71  8:19  SCV, Missile Turret  
  74  8:23  Bunker  
  74  8:26  SCV  
  75  8:28  Missile Turret  
  75  8:30  Command Center  
  75  8:32  Missile Turret, Marine  
  75  8:33  Marine x5  
  81  8:40  SCV x3, Bunker  
  84  8:55  Factory Tech Lab  
Show
View Real Time Build Order
Export as new Build Order

AgCl Protoss 

Build Orders:  

Get SALT Encoding   

  12  0:13  Pylon  
  13  0:14  Probe  
  13  0:26  Probe  
  14  0:36  Assimilator  
  14  0:38  Probe  
  15  0:46  Gateway  
  15  0:50  Probe (Chrono Boost)  
  16  1:02  Probe (Chrono Boost)  
  17  1:09  Probe (Chrono Boost)  
  18  1:19  Probe  
  19  1:31  Probe  
  20  1:33  Zealot (Chrono Boost)  
  22  1:42  Pylon  
  22  1:55  Assimilator  
  22  2:00  Probe  
  23  2:13  Probe  
  23  2:14  Cybernetics Core  
  24  2:23  Nexus  
  24  2:25  Probe (Chrono Boost)  
  25  2:36  Gateway, Probe (Chrono Boost)  
  26  2:40  Pylon  
  26  2:43  Probe (Chrono Boost)  
  27  2:50  Adept  
  29  3:01  Mothership Core (Chrono Boost)  
  29  3:04  Warp Gate  
  31  3:16  Robotics Facility  
  31  3:17  Pylon  
  30  3:20  Probe (Chrono Boost)  
  30  3:29  Probe (Chrono Boost)  
  31  3:39  Probe (Chrono Boost)  
  31  3:41  Probe (Chrono Boost)  
  32  3:46  Probe (Chrono Boost)  
  33  3:54  Probe (Chrono Boost), Twilight Council  
  34  3:58  Probe (Chrono Boost)  
  36  4:05  Probe (Chrono Boost)  
  36  4:06  Probe (Chrono Boost), Forge  
  36  4:09  Observer (Chrono Boost)  
  38  4:14  Probe  
  38  4:15  Probe  
  40  4:19  Pylon  
  40  4:26  Probe  
  40  4:29  Gateway  
  40  4:31  Gateway  
  41  4:34  Pylon  
  41  4:37  Gateway  
  41  4:38  Probe  
  42  4:39  Probe  
  40  4:55  Observer (Chrono Boost)  
  36  5:02  Probe, Protoss Ground Weapons Level 1  
  36  5:04  Assimilator  
  37  5:09  Probe (Chrono Boost), Dark Shrine  
  38  5:14  Warp Prism (Chrono Boost)  
  43  5:21  Mothership Core (Chrono Boost)  
  43  5:26  Probe (Chrono Boost)  
  43  5:29  Shield Upgrade (Chrono Boost), Assimilator  
  43  5:33  Probe (Chrono Boost)  
  44  5:38  Gateway  
  44  5:44  Probe  
  44  5:47  Adept x2  
  44  5:49  Probe  
  45  6:00  Adept x2  
  37  6:11  Probe (Chrono Boost), Charge  
  35  6:13  Probe (Chrono Boost), Adept x2  
  35  6:15  Adept  
  37  6:22  Dark Templar  
  37  6:28  Zealot  
  39  6:36  Dark Templar  
  31  6:47  Adept  
  31  7:03  Zealot  
  31  7:04  Zealot  
  31  7:07  Probe (Chrono Boost)  
  36  7:10  Probe (Chrono Boost)  
  38  7:20  Dark Templar  
  39  7:33  Probe (Chrono Boost)  
  35  7:39  Probe (Chrono Boost)  
  35  7:40  Dark Templar  
  35  7:42  Probe (Chrono Boost)  
  32  7:46  Probe (Chrono Boost)  
  32  7:50  Probe (Chrono Boost)  
  32  7:57  Dark Templar, Zealot, Probe (Chrono Boost)  
  37  7:58  Adept  
  37  8:03  Photon Cannon  
  32  8:06  Pylon  
  32  8:08  Probe x2 (Chrono Boost)  
  33  8:13  Immortal (Chrono Boost)  
  33  8:18  Probe (Chrono Boost)  
  36  8:27  Dark Templar  
  39  8:29  Probe (Chrono Boost)  
  39  8:35  Probe (Chrono Boost)  
  39  8:36  Probe (Chrono Boost)  
  42  8:42  Observer (Chrono Boost)  
  42  8:43  Templar Archives  
  42  8:47  Probe (Chrono Boost)  
  42  8:48  Probe (Chrono Boost)  
Tags
 
Add a new tag
Caveats
  • Supply blocks, unpowered buildings, or Contaminate may cause inaccurate times.
  • Supply counts are checked every 10 seconds.